Map: Whitewater Line LE

Players

PiPuxD - Winner!

  • Race: Terran Terran
  • League: Gold
  • Spawn Location: 1:00

Alebay - Winner!

  • Race: Protoss Protoss
  • Spawn Location: 12:00

MattBarry - Winner!

  • Race: Zerg Zerg
  • League: Gold
  • Spawn Location: 1:00

MidLyfCrysis

  • Race: Zerg Zerg
  • Spawn Location: 6:00

MWFriesen

  • Race: Protoss Protoss
  • Spawn Location: 7:00

Lithos

  • Race: Protoss Protoss
  • Spawn Location: 7:00

VOD

Have the link to the VOD?

Description

Time

  • Played on: Jan. 27, 2023, 10:28 p.m.
  • Length: 20:37
Show
View Real Time Build Order
Export as new Build Order

PiPuxD Terran - Winner!

Build Orders: 2 Factory, Reaper Expand, Mech 

Get SALT Encoding   

  12  0:00  SCV  
  13  0:12  SCV  
  14  0:18  Supply Depot  
  14  0:24  SCV  
  15  0:40  SCV  
  15  0:41  Barracks  
  16  0:52  SCV, Refinery  
  17  1:04  SCV  
  18  1:16  SCV  
  19  1:28  Orbital Command  
  19  1:35  Reaper  
  20  1:42  Command Center  
  20  1:50  Supply Depot  
  20  1:54  SCV  
  21  2:06  SCV  
  22  2:09  Refinery  
  22  2:15  Factory  
  22  2:16  Marine  
  22  2:19  SCV  
  22  2:22  Supply Depot  
  24  2:32  SCV  
  24  2:35  Barracks Reactor  
  26  2:44  SCV  
  26  2:56  SCV  
  27  3:08  SCV  
  28  3:20  SCV  
  28  3:25  Factory  
  28  3:26  Widow Mine x2  
  32  3:31  Orbital Command  
  32  3:32  SCV  
  33  3:36  Engineering Bay  
  33  3:46  SCV  
  34  3:57  SCV  
  34  3:58  SCV  
  36  4:04  Missile Turret  
  36  4:08  Missile Turret  
  37  4:10  SCV x2  
  37  4:12  Factory Tech Lab  
  37  4:14  Hellion x2  
  41  4:22  SCV x2  
  43  4:31  Siege Tank  
  43  4:34  SCV x2  
  43  4:36  Hellion x2  
  52  4:41  Refinery  
  52  4:53  Supply Depot  
  52  4:54  Supply Depot  
  52  4:56  SCV x2  
  52  4:59  Infernal Pre-Igniter  
  54  5:03  Armory  
  54  5:11  Siege Tank  
  51  5:30  SCV x2  
  51  5:31  Widow Mine x2  
  57  5:38  Supply Depot x2  
  57  5:42  SCV x2  
  59  5:54  SCV x2  
  59  5:55  Terran Vehicle Weapons Level 1  
  61  5:59  Siege Tank  
  61  6:00  Hellion x2  
  61  6:01  Factory  
  68  6:08  SCV x2  
  68  6:10  Refinery  
  70  6:20  SCV  
  70  6:25  Armory  
  71  6:32  SCV x2  
  73  6:33  Starport  
  73  6:42  Hellion x2, Siege Tank  
  73  6:45  Factory Tech Lab  
  80  6:55  SCV x2  
  82  7:07  SCV, Siege Tank  
  86  7:11  Starport Reactor  
  86  7:13  Widow Mine x2, SCV, Command Center, Terran Vehicle And Ship Armor Level 1  
  91  7:19  Supply Depot  
  91  7:20  Supply Depot  
  91  7:32  Siege Tank  
  94  8:19  Siege Tank, Hellion x2  
  96  8:20  Siege Tank  
  96  8:22  Liberator  
  96  8:23  Liberator  
  96  8:26  SCV  
  96  8:27  Orbital Command, SCV  
  96  8:31  Command Center  
  87  8:39  Terran Vehicle Weapons Level 2, SCV x2  
  89  8:52  Siege Tank  
  92  9:06  SCV x3  
  92  9:08  Refinery  
  95  9:10  Hellion x2  
  95  9:11  Siege Tank, Refinery  
  102  9:23  SCV x3  
  102  9:24  Siege Tank  
  108  9:38  Hellion x2  
  112  9:39  Liberator x2  
  112  9:43  Hellion  
  120  9:47  Orbital Command  
  120  9:49  Factory x2  
  120  9:56  Hellion  
  122  10:10  Terran Vehicle And Ship Armor Level 2  
  122  10:18  Siege Tank x2, Hellion x2  
  128  10:52  Hellion  
  128  10:53  Liberator, Hellion x3  
  128  10:56  Orbital Command  
  139  11:05  Factory Tech Lab x2  
  139  11:08  Factory  
  139  11:10  Factory  
  139  11:15  Terran Vehicle Weapons Level 3  
  139  11:21  SCV  
  140  11:28  Liberator, SCV x2  
  140  11:30  Supply Depot x2  
  145  11:33  SCV  
  123  12:21  Siege Tank x3  
  123  12:22  Factory Tech Lab x2  
  127  12:27  Liberator, Siege Tank  
  127  12:28  Liberator  
  127  12:29  Hellion x2  
  135  12:35  Terran Vehicle And Ship Armor Level 3  
  135  12:42  Refinery  
  135  12:53  Siege Tank  
  134  13:02  Hellion x4  
  134  13:03  Hellion x2  
  143  13:10  Missile Turret  
  136  13:30  Command Center  
  136  13:34  Command Center  
  136  13:50  Thor x3  
  154  13:59  Supply Depot  
  154  14:00  Supply Depot, Missile Turret  
  154  14:01  Supply Depot  
  154  14:02  Supply Depot  
  154  14:05  Thor  
  154  14:06  Thor  
  121  15:00  Thor x4  
  145  15:15  Terran Ship Weapons Level 1  
  145  15:18  Liberator  
  140  15:45  Siege Tank x2  
  146  15:50  Planetary Fortress  
  146  16:05  Missile Turret  
  146  16:06  Hellion x5  
  146  16:08  Missile Turret  
  156  16:17  Hellion  
  158  16:21  Orbital Command  
  158  16:26  SCV x2  
  158  16:27  SCV  
  161  16:38  SCV  
  161  16:39  SCV x2, Hellion  
  172  16:40  Hellion x5  
  149  17:26  Hellion  
  149  17:27  Hellion x5  
  149  17:28  Liberator x2, Hellion  
  167  17:33  Refinery  
  167  17:34  SCV x3, Refinery  
  170  17:42  Terran Ship Weapons Level 2  
  170  17:46  SCV x2  
  160  18:21  Siege Tank  
  160  18:22  Siege Tank x3  
  160  18:24  Orbital Command, Hellion x2  
  160  18:25  Hellion  
  178  18:43  SCV  
  178  18:44  SCV x2  
  181  18:55  Hellion x3  
  187  18:56  SCV x3, Hellion x4  
  188  19:39  Hellion x5  
  188  19:40  Hellion  
  148  19:54  Hellion  
  138  20:00  Hellion x4  
  138  20:01  Hellion x2  
  138  20:02  SCV x4  
  154  20:14  SCV x2  
  156  20:16  Hellion  
  156  20:18  Missile Turret  
  156  20:21  Command Center  
  156  20:22  Refinery x2  
Show
View Real Time Build Order
Export as new Build Order

Alebay Protoss - Winner!

Build Orders: 1 Gate Expand, Blink Stalkers 

Get SALT Encoding   

  12  0:00  Probe  
  13  0:12  Probe  
  14  0:19  Pylon  
  14  0:24  Probe  
  15  0:37  Probe  
  15  0:39  Gateway  
  16  0:45  Assimilator  
  16  0:49  Probe  
  17  1:01  Probe  
  18  1:13  Probe  
  19  1:25  Probe  
  20  1:27  Cybernetics Core  
  20  1:37  Nexus  
  20  1:40  Probe  
  21  1:47  Assimilator  
  21  1:52  Probe  
  22  1:58  Warp Gate (Chrono Boost)  
  22  1:59  Pylon  
  22  2:10  Probe  
  23  2:17  Adept  
  25  2:23  Probe  
  25  2:26  Gateway  
  26  2:35  Probe  
  27  2:38  Twilight Council  
  27  2:48  Probe  
  27  2:49  Probe  
  29  2:51  Stalker  
  31  3:03  Gateway  
  31  3:04  Probe  
  32  3:06  Blink (Chrono Boost), Probe  
  33  3:19  Probe  
  35  3:20  Probe  
  35  3:32  Pylon  
  35  3:33  Probe x2  
  37  3:36  Stalker  
  37  3:41  Stalker  
  41  3:47  Probe x2  
  43  3:59  Probe x2  
  43  4:01  Pylon  
  45  4:03  Pylon  
  45  4:05  Stalker  
  45  4:09  Stalker  
  49  4:24  Probe  
  49  4:25  Probe  
  49  4:28  Assimilator  
  49  4:31  Stalker x2, Assimilator  
  55  4:42  Pylon  
  55  4:45  Forge  
  55  4:46  Stalker  
  57  4:53  Probe x2  
  57  4:54  Gateway  
  57  4:58  Stalker  
  61  5:01  Stalker  
  61  5:07  Probe x2  
  65  5:10  Stalker  
  67  5:19  Probe  
  68  5:29  Stalker x2  
  72  5:37  Photon Cannon  
  72  5:39  Photon Cannon, Stalker  
  74  5:43  Gateway  
  74  5:44  Gateway  
  74  5:45  Protoss Ground Weapons Level 1 (Chrono Boost)  
  74  5:59  Forge  
  74  6:04  Stalker x2  
  74  6:11  Pylon  
  78  6:12  Pylon  
  78  6:16  Pylon  
  78  6:26  Pylon  
  78  6:29  Pylon  
  78  6:30  Stalker x3  
  84  6:33  Stalker  
  84  6:35  Protoss Ground Armor Level 1 (Chrono Boost)  
  86  6:49  Photon Cannon  
  86  6:50  Photon Cannon  
  86  6:52  Stalker  
  88  6:56  Stalker  
  90  7:02  Stalker  
  90  7:04  Stalker  
  69  8:09  Stalker x3  
  69  8:10  Stalker x3  
  78  8:26  Protoss Ground Weapons Level 2 (Chrono Boost)  
  76  8:27  Protoss Ground Armor Level 2 (Chrono Boost)  
  54  9:02  Stalker x6  
  60  9:14  Pylon  
  60  9:15  Pylon  
  60  9:16  Gateway  
  60  9:21  Gateway  
  60  9:30  Stalker x3  
  60  9:31  Stalker  
  68  9:32  Stalker  
  70  9:44  Probe x2  
  72  9:53  Stalker x2  
  72  9:54  Stalker  
  72  9:58  Nexus  
  72  9:59  Pylon  
  78  10:01  Pylon  
  78  10:03  Pylon  
  78  10:09  Stalker x3  
  84  10:20  Stalker  
  84  10:21  Stalker x4  
  94  10:28  Photon Cannon x2  
  94  10:41  Stalker x2  
  94  10:42  Stalker  
  100  10:46  Probe x2  
  102  11:06  Probe x2  
  104  11:18  Probe x2  
  106  11:22  Stalker x5  
  116  11:40  Stalker x2  
  116  11:41  Stalker  
  122  11:48  Probe  
  122  11:49  Probe x2  
  123  12:01  Probe x3  
  72  12:10  Stalker x5  
  80  12:27  Stalker x3  
  84  12:32  Probe x3  
  87  12:40  Stalker x3  
  93  12:44  Probe  
  93  12:48  Assimilator  
  94  12:52  Stalker x2, Assimilator  
  93  13:28  Pylon  
  93  13:29  Pylon  
  93  13:30  Stalker x5  
  103  13:41  Stalker  
  103  13:42  Stalker x2  
  103  13:46  Protoss Ground Weapons Level 3 (Chrono Boost)  
  109  14:01  Stalker x4  
  107  14:18  Stalker x3  
  107  14:19  Stalker  
  67  15:18  Stalker x2  
  67  15:19  Stalker x6  
  63  15:36  Gateway  
  63  15:38  Gateway  
  63  15:40  Gateway  
  63  15:42  Gateway  
  63  15:46  Stalker x5  
  63  15:47  Stalker x2  
  77  16:07  Nexus  
  77  16:09  Stalker x2  
  77  16:10  Protoss Ground Armor Level 3 (Chrono Boost)  
  81  16:14  Pylon  
  81  16:18  Protoss Shields Level 1 (Chrono Boost)  
  81  16:32  Stalker x3  
  83  16:33  Stalker  
  89  16:52  Stalker x2  
  89  16:53  Stalker x3  
  99  17:14  Probe x3  
  102  17:26  Probe x3  
  105  17:30  Probe  
  106  17:38  Probe x2  
  108  17:49  Stalker x4  
  116  17:52  Nexus  
  116  17:58  Probe x2  
  116  17:59  Probe x2  
  120  18:08  Photon Cannon  
  120  18:10  Probe  
  121  18:19  Assimilator  
  121  18:21  Assimilator  
  121  18:27  Stalker x3  
  121  18:28  Stalker  
  129  18:50  Probe x4  
  133  19:02  Probe x4  
  137  19:10  Stalker  
  137  19:11  Stalker x5  
  149  19:39  Nexus  
  97  20:05  Stalker x4  
Show
View Real Time Build Order
Export as new Build Order

MattBarry Zerg - Winner!

Build Orders: Hatch First 

Get SALT Encoding   

  12  0:00  Drone  
  13  0:13  Overlord  
  13  0:18  Drone  
  14  0:31  Drone  
  14  0:32  Drone  
  16  0:52  Hatchery  
  16  0:55  Drone  
  16  0:57  Drone  
  16  1:01  Drone  
  18  1:05  Extractor  
  17  1:17  Spawning Pool  
  16  1:25  Drone x2  
  18  1:35  Drone  
  18  1:39  Drone  
  20  1:50  Overlord  
  20  2:05  Queen  
  20  2:06  Zergling x2  
  20  2:07  Zergling x2  
  24  2:11  Queen  
  24  2:13  Metabolic Boost  
  26  2:22  Drone x2  
  28  2:29  Evolution Chamber  
  27  2:34  Drone x3  
  30  2:56  Spore Crawler  
  29  2:59  Spore Crawler  
  29  3:00  Drone x4  
  29  3:01  Drone  
  33  3:23  Zerg Melee Weapons Level 1  
  33  3:24  Drone x3  
  35  3:36  Queen  
  35  3:38  Overlord x2  
  36  3:43  Spore Crawler  
  36  3:47  Spore Crawler  
  35  3:54  Drone  
  36  3:55  Queen  
  36  3:57  Drone x6  
  36  3:58  Drone  
  36  3:59  Drone  
  36  4:00  Drone  
  47  4:05  Extractor  
  46  4:14  Extractor  
  46  4:16  Extractor  
  44  4:38  Lair  
  44  4:44  Roach Warren  
  43  4:53  Drone  
  43  4:54  Drone x3  
  43  4:55  Drone x3  
  43  4:56  Overlord x2  
  43  4:57  Overlord  
  50  5:13  Zergling x2, Evolution Chamber  
  52  5:14  Zergling x12  
  55  5:32  Zergling x10  
  55  5:33  Zergling x4  
  62  5:38  Spore Crawler  
  62  5:40  Zerg Missile Weapons Level 1  
  62  5:42  Zerg Ground Armor Level 1  
  61  5:46  Hydralisk Den  
  60  5:51  Hydralisk Den  
  59  5:58  Drone x4  
  59  5:59  Drone  
  62  6:25  Hatchery  
  61  6:26  Grooved Spines  
  61  6:29  Hydralisk x3, Muscular Augments  
  61  6:30  Hydralisk  
  61  6:31  Hydralisk  
  71  6:58  Hydralisk  
  71  6:59  Hydralisk  
  71  7:01  Overlord x3  
  75  7:04  Infestation Pit  
  74  7:18  Hydralisk  
  63  7:49  Zergling x16  
  63  7:50  Zergling x18  
  77  8:08  Zergling x2  
  78  8:15  Overseer  
  78  8:33  Pneumatized Carapace  
  78  8:36  Zerg Missile Weapons Level 2  
  78  8:37  Zerg Ground Armor Level 2  
  78  8:38  Hydralisk x4  
  78  8:39  Hydralisk  
  78  8:40  Zergling x2  
  78  8:41  Zergling x8  
  93  8:45  Queen  
  93  8:47  Drone  
  93  8:48  Drone x2  
  98  8:57  Drone x3  
  101  9:03  Extractor  
  101  9:04  Extractor  
  99  9:10  Pathogen Glands  
  99  9:24  Evolution Chamber  
  98  10:09  Drone  
  98  10:10  Drone x7  
  98  10:11  Overlord x3  
  98  10:12  Overlord  
  77  10:43  Infestor x3  
  77  10:44  Zergling x4  
  77  10:45  Zergling x6  
  88  10:51  Hatchery  
  87  11:05  Zerg Melee Weapons Level 2  
  87  11:07  Hive  
  87  11:08  Zergling x2  
  87  11:09  Zergling x12  
  87  11:30  Hatchery  
  75  11:47  Overseer  
  75  11:48  Overseer  
  75  12:06  Hydralisk  
  75  12:07  Hydralisk x12  
  99  12:20  Hydralisk x4  
  99  12:21  Hydralisk  
  100  12:42  Drone x3  
  100  12:43  Drone x6  
  109  12:48  Queen x4  
  77  13:23  Zergling x4  
  77  13:24  Zergling x24, Queen x2  
  87  13:29  Overseer  
  87  13:30  Overseer  
  87  13:45  Hydralisk  
  87  13:46  Hydralisk x9  
  107  13:58  Drone x3  
  107  13:59  Drone  
  91  14:40  Spire  
  91  14:43  Drone x6  
  91  14:44  Hydralisk, Drone x4  
  91  14:45  Hydralisk x6  
  96  14:55  Overseer  
  96  15:02  Zerg Missile Weapons Level 3  
  96  15:03  Zerg Melee Weapons Level 3  
  94  15:11  Zerg Ground Armor Level 3  
  94  15:24  Hatchery  
  93  15:29  Zergling x2  
  93  15:30  Zergling x10  
  79  15:56  Queen x3  
  79  15:57  Queen  
  87  16:13  Corruptor  
  87  16:14  Corruptor x4  
  87  16:15  Corruptor x3  
  87  16:17  Overlord x2  
  87  16:18  Overlord x2  
  103  16:44  Queen  
  105  16:51  Corruptor x2  
  105  16:52  Corruptor x2  
  110  16:54  Greater Spire  
  110  17:00  Spire  
  103  17:12  Zergling x8  
  107  17:20  Queen  
  109  17:44  Overseer x2  
  109  17:46  Overseer  
  109  17:51  Extractor  
  109  17:52  Extractor  
  107  18:00  Corruptor  
  107  18:01  Corruptor x5  
  107  18:02  Corruptor  
  121  18:09  Zerg Flyer Weapons Level 1  
  121  18:20  Brood Lord  
  121  18:21  Brood Lord  
  125  18:51  Spore Crawler  
  125  18:52  Spore Crawler  
  123  19:04  Brood Lord  
  123  19:05  Brood Lord x2  
  123  19:06  Brood Lord  
  123  19:07  Brood Lord  
  123  19:09  Overlord x5  
  133  19:11  Zergling x12  
  133  19:12  Zergling x6, Overlord x2  
  133  19:13  Overlord  
  142  19:29  Brood Lord x2  
  138  20:11  Brood Lord x2  
  138  20:12  Brood Lord x2  
Show
View Real Time Build Order
Export as new Build Order

MidLyfCrysis Zerg 

Build Orders: Pool First, Swarm Host 

Get SALT Encoding   

  12  0:01  Drone  
  13  0:08  Drone  
  14  0:17  Overlord  
  14  0:25  Extractor  
  14  0:27  Drone  
  14  0:41  Spawning Pool  
  13  0:45  Drone  
  14  0:50  Drone  
  14  0:53  Drone  
  16  0:58  Drone  
  17  1:06  Drone  
  18  1:28  Hatchery  
  18  1:31  Drone  
  18  1:41  Queen  
  18  1:45  Drone  
  21  1:48  Drone  
  22  2:00  Roach Warren  
  21  2:07  Overlord  
  21  2:11  Drone  
  22  2:22  Lair  
  22  2:33  Spore Crawler  
  21  2:46  Drone x2  
  21  2:47  Drone  
  24  2:53  Roach  
  24  2:54  Roach x2  
  32  2:58  Roach  
  32  3:02  Roach  
  34  3:29  Roach  
  34  3:30  Overlord x3  
  34  3:34  Glial Reconstitution  
  36  3:54  Extractor  
  35  4:05  Roach x4  
  35  4:06  Roach x2  
  47  4:11  Drone x2  
  47  4:14  Drone  
  51  4:31  Drone x2  
  51  4:35  Metabolic Boost  
  51  4:37  Drone x3  
  55  4:41  Drone  
  55  4:44  Drone  
  57  4:56  Drone x2  
  59  5:01  Extractor  
  59  5:04  Extractor  
  33  5:29  Zergling x10  
  38  5:36  Drone x3  
  41  5:44  Spine Crawler  
  40  5:54  Infestation Pit  
  40  5:55  Drone x3  
  42  5:58  Drone x2  
  42  5:59  Queen  
  46  6:10  Pneumatized Carapace  
  46  6:23  Drone x2  
  48  6:29  Overlord x3  
  48  6:30  Overlord  
  48  6:38  Nydus Network  
  48  6:39  Drone  
  48  6:46  Swarm Host x2  
  48  6:47  Swarm Host  
  57  7:03  Swarm Host x3  
  66  7:09  Swarm Host x2  
  66  7:10  Swarm Host  
  75  7:16  Drone  
  76  7:23  Drone x3  
  76  7:26  Nydus Canal  
  79  7:37  Swarm Host x2  
  79  7:38  Swarm Host x2  
  91  7:49  Spine Crawler  
  90  8:03  Nydus Canal  
  70  8:31  Swarm Host x2  
  76  8:35  Overlord  
  76  8:42  Overlord x2  
  76  8:58  Drone x2  
  76  8:59  Drone  
  77  9:12  Swarm Host x2  
  77  9:13  Swarm Host x2  
  77  9:14  Drone  
  86  9:40  Spore Crawler  
  85  9:48  Nydus Canal  
  85  9:50  Overseer  
  85  9:57  Hydralisk Den, Overlord x3  
  85  9:58  Overlord x3  
  84  10:00  Drone  
  84  10:01  Queen, Drone x2  
  67  10:43  Drone x3  
  70  10:55  Grooved Spines  
  70  10:58  Evolution Chamber  
  70  10:59  Swarm Host x3  
  70  11:03  Swarm Host  
  81  11:22  Hydralisk x2, Spine Crawler  
  81  11:24  Hydralisk  
  81  11:25  Hydralisk x3  
  92  11:33  Hydralisk  
  92  11:34  Hydralisk x2  
  98  11:45  Nydus Canal  
  98  11:53  Zerg Missile Weapons Level 1  
  98  12:06  Muscular Augments  
  87  12:42  Nydus Canal  
  87  12:45  Hydralisk x5  
  87  12:46  Hydralisk  
  87  12:51  Hydralisk x5  
  99  12:52  Evolution Chamber  
  99  12:56  Hatchery  
  99  12:57  Queen  
  109  13:40  Hydralisk x6  
  121  13:46  Nydus Canal  
  121  13:51  Zerg Missile Weapons Level 2  
  121  13:52  Zerg Ground Armor Level 1, Hydralisk x2  
  121  13:53  Hydralisk x3  
  103  14:28  Hatchery  
  84  14:34  Overseer  
  80  14:52  Hydralisk  
  80  14:53  Hydralisk x6  
  80  14:54  Hydralisk  
  96  15:07  Nydus Canal  
  96  15:16  Hydralisk  
  96  15:17  Hydralisk x4  
  91  15:53  Hydralisk x5, Swarm Host x5  
  91  15:54  Hydralisk  
  118  16:10  Lurker Den  
  116  16:36  Hydralisk x3, Swarm Host x3  
  131  16:44  Extractor  
  131  16:46  Extractor  
  81  17:19  Swarm Host x2  
  81  17:20  Swarm Host x3  
  81  17:21  Swarm Host  
  81  17:22  Swarm Host  
  102  17:55  Swarm Host  
  102  17:56  Swarm Host x2  
  111  17:58  Swarm Host  
  114  18:22  Swarm Host  
  120  18:45  Swarm Host  
  120  18:51  Lurker x2  
  120  18:52  Lurker  
  120  18:54  Hydralisk x2  
  127  19:37  Lurker x2  
  68  20:20  Zergling x2  
Show
View Real Time Build Order
Export as new Build Order

MWFriesen Protoss 

Build Orders:  

Get SALT Encoding   

  12  0:01  Probe  
  13  0:13  Probe  
  14  0:25  Probe  
  14  0:28  Pylon  
  15  0:46  Probe  
  15  0:48  Gateway  
  16  0:52  Assimilator  
  16  0:56  Assimilator  
  16  0:58  Probe (Chrono Boost)  
  17  1:08  Pylon, Probe (Chrono Boost)  
  18  1:13  Probe (Chrono Boost)  
  19  1:24  Probe  
  20  1:36  Cybernetics Core, Probe  
  20  1:39  Gateway  
  21  1:49  Probe  
  22  2:01  Probe  
  23  2:07  Warp Gate (Chrono Boost)  
  23  2:13  Probe  
  24  2:16  Stalker  
  26  2:32  Nexus  
  26  2:38  Probe  
  27  2:45  Pylon  
  27  2:50  Probe  
  28  3:23  Zealot  
  28  3:25  Stalker  
  32  3:32  Pylon  
  32  3:35  Probe  
  33  3:50  Forge  
  33  3:53  Gateway  
  33  3:54  Gateway  
  33  3:56  Probe x2  
  35  4:08  Probe x2  
  37  4:18  Protoss Ground Weapons Level 1 (Chrono Boost)  
  37  4:19  Stalker  
  37  4:20  Pylon, Probe x2  
  37  4:21  Zealot  
  43  4:32  Probe x2  
  43  4:34  Twilight Council  
  45  4:45  Zealot, Stalker  
  49  4:47  Probe x2  
  51  5:08  Charge (Chrono Boost)  
  51  5:16  Dark Shrine  
  51  5:37  Photon Cannon, Probe x2  
  51  5:39  Stalker  
  51  5:40  Zealot, Pylon, Stalker  
  51  5:41  Zealot  
  61  5:44  Assimilator  
  61  5:48  Assimilator  
  61  5:49  Probe x2  
  63  6:00  Protoss Ground Armor Level 1 (Chrono Boost)  
  63  6:01  Probe x2  
  65  6:07  Stalker  
  65  6:08  Stalker  
  65  6:09  Stalker  
  65  6:10  Zealot  
  73  6:13  Probe x2  
  75  6:32  Blink (Chrono Boost)  
  75  6:42  Zealot  
  75  6:44  Pylon  
  75  6:46  Nexus  
  77  6:59  Probe  
  78  7:02  Probe  
  78  7:04  Pylon  
  78  7:06  Pylon  
  79  7:09  Pylon  
  79  7:25  Pylon  
  60  7:39  Dark Templar x4  
  66  7:44  Protoss Ground Weapons Level 2 (Chrono Boost)  
  36  8:12  Dark Templar x4  
  38  8:41  Probe x3  
  41  8:52  Zealot x3  
  45  9:10  Probe x3  
  47  9:23  Pylon  
  47  9:26  Pylon  
  46  9:43  Stalker  
  46  9:44  Stalker x3  
  54  10:00  Templar Archives  
  54  10:02  Probe  
  55  10:09  Shield Battery  
  55  10:11  Shield Battery  
  55  10:14  Shield Battery  
  55  10:18  Probe x2  
  57  10:33  Dark Templar x2  
  57  10:34  Stalker x2  
  57  10:35  Pylon  
  65  10:36  Psionic Storm  
  64  11:06  Pylon  
  64  11:08  Nexus  
  64  11:09  High Templar  
  64  11:10  High Templar x2  
  66  11:46  Dark Templar  
  66  11:47  Dark Templar x3  
  70  11:48  Nexus  
  70  11:52  Pylon  
  63  12:03  Archon  
  53  12:33  Zealot x2  
  53  12:34  Stalker  
  53  12:35  Stalker  
  61  12:57  Pylon  
  61  13:00  Gateway  
  61  13:03  Gateway  
  59  13:08  High Templar x4  
  49  13:58  Zealot x4  
  49  13:59  Zealot  
  59  14:07  Gateway  
  59  14:09  Gateway  
  59  14:17  Pylon  
  59  14:22  Stalker x3  
  59  14:23  Stalker x3  
  68  14:46  Archon  
  39  15:00  Dark Templar x2  
  39  15:01  Dark Templar x4  
  38  15:08  Protoss Shields Level 1  
  38  15:13  Shadow Stride (Chrono Boost)  
  27  16:01  Zealot x4  
  27  16:02  Dark Templar  
  27  16:03  Dark Templar x2  
  41  16:41  High Templar  
  37  17:12  Zealot x5  
  37  17:13  Zealot  
  49  17:21  Dark Templar x2  
  51  17:49  Protoss Ground Weapons Level 3  
  51  17:53  Pylon  
  51  18:25  Dark Templar  
Show
View Real Time Build Order
Export as new Build Order

Lithos Protoss 

Build Orders: Oracle Opening 

Get SALT Encoding   

  12  0:00  Probe  
  13  0:13  Probe  
  14  0:24  Pylon  
  14  0:25  Probe  
  15  0:38  Assimilator  
  15  0:42  Probe (Chrono Boost)  
  16  0:45  Gateway  
  16  0:52  Probe (Chrono Boost)  
  17  1:03  Probe  
  18  1:16  Probe  
  19  1:20  Assimilator  
  19  1:32  Cybernetics Core  
  19  1:35  Pylon, Probe (Chrono Boost)  
  20  1:46  Probe (Chrono Boost)  
  21  1:50  Probe (Chrono Boost)  
  22  2:08  Stargate  
  22  2:13  Nexus  
  22  2:16  Probe  
  22  2:22  Warp Gate  
  23  2:36  Adept  
  25  2:45  Probe  
  26  2:53  Oracle (Chrono Boost)  
  26  2:57  Probe  
  28  3:15  Probe  
  29  3:27  Probe  
  31  3:48  Probe (Chrono Boost)  
  31  3:55  Robotics Facility  
  31  3:57  Probe (Chrono Boost)  
  31  4:00  Probe (Chrono Boost)  
  33  4:03  Pylon  
  33  4:05  Shield Battery  
  33  4:06  Probe (Chrono Boost)  
  33  4:07  Probe (Chrono Boost)  
  35  4:11  Probe (Chrono Boost)  
  36  4:25  Probe  
  37  4:34  Assimilator  
  37  4:36  Assimilator  
  37  4:39  Pylon  
  37  4:40  Immortal (Chrono Boost)  
  41  4:51  Robotics Bay  
  41  5:02  Probe (Chrono Boost)  
  41  5:04  Robotics Facility  
  43  5:07  Probe (Chrono Boost)  
  43  5:11  Probe (Chrono Boost)  
  45  5:15  Probe (Chrono Boost)  
  45  5:28  Immortal (Chrono Boost)  
  47  5:52  Disruptor (Chrono Boost)  
  54  6:06  Forge  
  54  6:08  Probe x2  
  54  6:09  Immortal (Chrono Boost), Forge  
  56  6:14  Pylon  
  56  6:20  Probe  
  57  6:25  Immortal (Chrono Boost)  
  61  6:34  Extended Thermal Lance  
  61  6:39  Pylon x2  
  61  6:41  Pylon  
  61  6:57  Colossus  
  67  7:09  Colossus  
  73  7:18  Gateway  
  73  7:20  Gateway  
  73  7:23  Gateway  
  73  7:30  Probe x2  
  73  7:36  Pylon  
  75  7:42  Probe  
  75  7:43  Probe  
  58  8:04  Immortal (Chrono Boost)  
  58  8:05  Immortal (Chrono Boost)  
  58  8:31  Protoss Ground Weapons Level 1  
  58  8:34  Immortal (Chrono Boost)  
  56  8:43  Protoss Ground Armor Level 1  
  44  9:14  Nexus  
  44  9:20  Nexus  
  43  9:29  Disruptor (Chrono Boost)  
  49  9:37  Colossus (Chrono Boost)  
  52  9:58  Pylon  
  52  10:00  Pylon  
  52  10:02  Pylon  
  52  10:17  Colossus (Chrono Boost)  
  58  10:24  Observer (Chrono Boost)  
  58  10:27  Photon Cannon  
  59  10:48  Protoss Shields Level 1  
  59  10:52  Probe x2  
  61  11:01  Colossus (Chrono Boost)  
  61  11:04  Probe  
  68  11:38  Immortal (Chrono Boost)  
  72  11:51  Colossus (Chrono Boost)  
  72  11:54  Twilight Council  
  62  12:18  Colossus  
  68  12:28  Protoss Ground Weapons Level 2 (Chrono Boost)  
  68  12:29  Probe  
  69  12:38  Pylon, Colossus  
  69  12:41  Probe  
  76  13:17  Protoss Ground Armor Level 2 (Chrono Boost)  
  73  13:38  Stalker x4  
  85  14:00  Void Ray  
  84  14:21  Immortal x2  
  47  15:28  Immortal  
  47  15:29  Immortal  
  51  16:05  Zealot x3  
  51  16:08  Immortal x2  
  65  16:30  Stalker  
  67  16:41  Colossus  
  45  17:16  Disruptor  
  48  17:30  Disruptor  
  51  17:51  Colossus  
  57  18:05  Colossus  
Tags
 
Add a new tag
Caveats
  • Supply blocks, unpowered buildings, or Contaminate may cause inaccurate times.
  • Supply counts are checked every 10 seconds.